AoeStats
← Juancho

Arena

506959152Analyzed
4v4 RM · 16d ago on Sep 16, 2026· 40m 44s· 8 players
Game mode
Random Map
Map size
Large (8 player)
Population
200
Speed
Normal
Resources
Standard
Victory
Conquest
Starting age
Dark Age
Ending age
Imperial Age
RankedLock teamsTeams togetherTeam positionsShared explorationLock speedFull tech treeHidden civsTurbo modeCheats
Victory
Defeat
🇲🇽 Poles · Mexico
956
+15
🇲🇽 Portuguese · Mexico
901
+17
872
+18
🇺🇸 Wu · United States
859
+20
🇧🇷 Franks · Brazil
970
-35
🇨🇴 Japanese · Colombia
933
-18
🇧🇷 Slavs · Brazil
910
-17
🇧🇷 Turks · Brazil
903
-16
NeverArabia
8:30 Loom
10:29 Feudal Age
17:04 Castle Age
17:55 Double-Bit Axe
20:05 Stone Mining
20:10 Horse Collar
22:08 Sanctity
23:59 Wheelbarrow
31:40 Bow Saw
34:34 Imperial Age
33:44 Scale Barding Armor
33:50 Forging
33:41 Scale Mail Armor
34:17 Hand Cart
34:25 Town Watch
35:28 Chain Barding Armor
35:16 Squires
34:37 Man-at-Arms
35:57 Iron Casting
36:12 Chain Mail Armor
35:43 Pikeman
36:49 Conscription
36:35 Druzhina
35:58 Long Swordsman
37:44 Gold Mining
37:19 Two-Handed Swordsman
37:20 Halberdier
Juancho
3:26 Loom
10:56 Feudal Age
11:22 Double-Bit Axe
11:21 Horse Collar
13:27 Wheelbarrow
17:46 Castle Age
17:15 Stone Mining
19:08 Bow Saw
21:09 Wheelbarrow
21:09 Heavy Plow
22:18 Gold Mining
27:48 Treadmill Crane
28:26 Masonry
28:33 Squires
28:19 Gambesons
29:33 Hand Cart
30:18 Pikeman
34:21 Imperial Age
33:05 Gold Shaft Mining
33:27 Ballistics
33:00 Fletching
33:12 Scale Mail Armor
33:18 Heavy Plow
33:49 Fortified Wall
34:04 Thumb Ring
35:19 Forging
35:19 Halberdier
36:18 Chain Mail Armor
36:40 Parthian Tactics
36:39 Kataparuto
36:39 Husbandry
36:49 Scale Barding Armor
37:06 Cavalier
37:56 Bloodlines
37:39 Onager
40:21 Conscription
40:53 Bodkin Arrow
Arch of Titus
11:35 Feudal Age
13:42 Wheelbarrow
20:34 Castle Age
21:40 Husbandry
24:41 Double-Bit Axe
27:18 Hand Cart
36:56 Caravan
STANLEY8392
0:39 Loom
10:27 Feudal Age
10:57 Double-Bit Axe
10:58 Horse Collar
11:54 Wheelbarrow
18:27 Castle Age
16:46 Gold Mining
19:18 Bow Saw
19:11 Heavy Plow
20:18 Stone Mining
23:11 Gold Shaft Mining
24:21 Hand Cart
29:50 Imperial Age
28:01 Padded Archer Armor
27:52 Fletching
28:54 Forging
28:34 Fletching
29:42 Leather Archer Armor
30:09 Bodkin Arrow
30:49 Iron Casting
31:31 Two-Man Saw
32:22 Ring Archer Armor
31:53 Bracer
35:26 Scale Barding Armor
40:31 Blast Furnace
40:27 Heavy Camel Rider
Geraik
11:07 Feudal Age
11:31 Loom
15:17 Castle Age
13:26 Double-Bit Axe
14:21 Horse Collar
16:50 Bow Saw
16:44 Heavy Plow
22:52 Stone Mining
25:02 Wheelbarrow
25:48 Stone Shaft Mining
25:06 Gold Mining
26:28 Town Watch
29:40 Imperial Age
27:36 Ballistics
28:46 Hand Cart
29:19 Light Cavalry
30:10 Bloodlines
31:23 Chemistry
30:22 Murder Holes
30:53 Winged Hussar
31:35 Husbandry
31:41 Scale Barding Armor
31:27 Fletching
31:37 Padded Archer Armor
33:39 Lechitic Legacy
33:40 Conscription
33:44 Chain Barding Armor
33:34 Forging
33:21 Bodkin Arrow
33:41 Leather Archer Armor
34:30 Crop Rotation
33:45 Pikeman
33:49 Crossbowman
34:35 Thumb Ring
34:13 Elite Skirmisher
34:55 Arbalester
38:11 Iron Casting
37:36 Bracer
39:05 Bombard Tower
CHAPO
11:00 Feudal Age
9:52 Loom
15:29 Castle Age
13:26 Horse Collar
13:58 Double-Bit Axe
14:21 Gold Mining
15:35 Stone Mining
16:23 Heavy Plow
16:36 Bow Saw
24:40 Imperial Age
22:29 Treadmill Crane
22:58 Town Watch
23:36 Fletching
23:48 Scale Mail Armor
24:01 Forging
24:43 Stone Shaft Mining
26:27 Wheelbarrow
26:52 Town Patrol
27:12 Pikeman
27:37 Arson
29:02 Hand Cart
30:14 Chemistry
30:07 Halberdier
31:27 Chain Mail Armor
31:48 Iron Casting
32:16 Caravan
33:53 Man-at-Arms
34:19 Gambesons
35:03 Long Swordsman
35:43 Two-Handed Swordsman
36:29 Champion
36:37 Elite Skirmisher
37:23 Thumb Ring
37:53 Guard Tower
38:24 Ballistics
39:50 Bombard Tower
40:37 Keep
40:15 Fortified Wall
40:01 Murder Holes
41:23 Two-Man Saw
Surfer's Gambit
0:27 Loom
12:45 Feudal Age
13:13 Double-Bit Axe
13:09 Horse Collar
13:23 Gold Mining
14:17 Wheelbarrow
13:27 Town Watch
19:09 Castle Age
17:46 Arson
19:28 Pikeman
20:09 Squires
21:11 Hand Cart
23:15 Arson
23:50 Forging
27:29 Scale Mail Armor
27:44 Heavy Plow
27:58 Bow Saw
27:46 Stone Mining
29:18 Gold Shaft Mining
29:18 Stone Shaft Mining
29:31 Stone Shaft Mining
32:07 Red Cliffs Tactics
35:06 Imperial Age
33:30 Fletching
33:40 Padded Archer Armor
34:30 Ballistics
33:51 Treadmill Crane
34:23 Masonry
35:02 Murder Holes
35:09 Bodkin Arrow
35:29 Leather Archer Armor
35:58 Iron Casting
35:39 Chain Mail Armor
36:39 Conscription
36:33 Guilds
36:43 Elite Fire Archer
37:29 Halberdier
39:05 Bracer
40:16 Blast Furnace
39:47 Plate Mail Armor
Ana Nzinga of Mbande Ndogo
12:19 Feudal Age
16:08 Castle Age
14:06 Double-Bit Axe
16:25 Loom
19:08 Bow Saw
20:46 Wheelbarrow
24:00 Pikeman
25:11 Scale Mail Armor
25:53 Stone Mining
25:55 Gold Mining
26:41 Fletching
27:49 Bodkin Arrow
28:18 Hand Cart
29:00 Elite Skirmisher
32:43 Imperial Age
30:21 Padded Archer Armor
30:35 Squires
31:27 Chain Mail Armor
31:29 Leather Archer Armor
31:42 Arson
32:09 Forging
33:15 Gold Shaft Mining
33:55 Conscription
34:22 #83
33:33 Halberdier
35:02 Plate Mail Armor
34:38 Scale Barding Armor
34:38 Husbandry
34:03 Capped Ram
36:11 Iron Casting
Connection lost

Rejoining the realm…

Still unreachable

The connection could not be restored.

Session expired

The server has moved on; the page needs a fresh start.